 Dungeon Crawl Stone Soup version 0.19-a0-1110-g6a29f8a (webtiles) character file.

425642 Ryco the Axe Maniac (level 22, -2/223 (224) HPs)
             Began as a Minotaur Berserker on Aug 9, 2016.
             Was the Champion of the Shining One.
             Slain by a molten gargoyle
             ... wielding a +0 mace
              (3 damage)
             ... on level 1 of the Depths on Aug 10, 2016.
             The game lasted 03:00:21 (19848 turns).

Ryco the Axe Maniac (Minotaur Berserker)           Turns: 19848, Time: 03:00:22

HP:   -2/223 (224)  AC: 45    Str: 35    XL:     22   Next: 42%
MP:   26/26         EV: 14    Int:  4    God:    the Shining One [******]
Gold: 4311          SH:  3    Dex: 11    Spells: 1 memorised, 18 levels left

rFire  + . .     SeeInvis +     a - +9 executioner's axe (elec)
rCold  . . .     Gourm    .     q - +8 plate armour "Zeluo" {Regen+}
rNeg   + + +     Faith    .     (shield currently unavailable)
rPois  +         Spirit   .     g - +1 hat of the Cooper {+Blink rF+ rN++}
rElec  .         Dismiss  .     V - +2 cloak {rPois}
rCorr  .         Reflect  +     M - +3 pair of gauntlets of War {Slay+5}
SustAt .         Harm     .     z - +2 pair of boots {run}
MR     +....                    G - amulet "Quilas" {Reflect Str+4 SH+3}
Stlth  ..........               v - +2 ring of protection
                                R - ring of see invisible

@: about to teleport, glowing, quick
A: retaliatory headbutt, horns 2, thin metallic scales 1, camouflage 1, mutation
resistance 1
a: Divine Shield, Cleansing Flame, Summon Divine Warrior, Brand Weapon With Holy
Wrath, Renounce Religion, Evoke Blink
}: 3/15 runes: decaying, silver, gossamer


You were on level 1 of the Depths.
You worshipped the Shining One.
The Shining One was exalted by your worship.
You were not hungry.

You visited 10 branches of the dungeon, and saw 42 of its levels.
You visited the Abyss 1 time.
You also visited: Labyrinth, Bailey and Ice Cave.

You collected 4875 gold pieces.
You spent 564 gold pieces at shops.

Inventory:

Hand Weapons
 a - a +9 executioner's axe of electrocution (weapon)
 b - a +9 antimagic executioner's axe
Missiles
 s - 7 throwing nets (quivered)
Armour
 g - the +1 hat of the Cooper (worn) {+Blink rF+ rN++}
   (You acquired it on level 2 of the Orcish Mines)

   It protects you from fire.
   It greatly protects you from negative energy.
   It lets you blink.
 m - a +8 plate armour of cold resistance
 q - the +8 plate armour "Zeluo" (worn) {Regen+}
   (You found it on level 5 of the Vaults)

   It increases your rate of regeneration.
 z - a +2 pair of boots of running (worn)
 M - the +3 pair of gauntlets of War (worn) {Slay+5}
   (You acquired it on level 1 of the Swamp)

   It affects your accuracy and damage with ranged weapons and melee attacks
   (+5).
 V - a +2 cloak of poison resistance (worn)
Jewellery
 h - an uncursed ring of sustain attributes
 v - a +2 ring of protection (right hand)
 G - the amulet "Quilas" (around neck) {Reflect Str+4 SH+3}
   (You took it off a tengu reaver on level 5 of the Vaults)

   [amulet of reflection]

   It shields you and reflects attacks.
   It affects your strength (+4).
   It affects your SH (+3).
 R - a ring of see invisible (left hand)
Wands
 e - a wand of heal wounds (6/9)
 r - a wand of disintegration (21/24)
 F - a wand of digging (13/24)
 S - a wand of teleportation (6/9)
Scrolls
 j - a scroll of holy word
 n - 5 scrolls of fear
 o - 2 scrolls of blinking
 p - a scroll of summoning
 t - 2 scrolls of silence
 y - 2 scrolls of fog
 C - 2 scrolls of recharging
 E - 8 scrolls of identify
 I - 5 scrolls of immolation
 J - a scroll of amnesia
 L - 9 scrolls of noise
 O - 6 scrolls of teleportation
 Q - 3 scrolls of magic mapping
 Z - 11 scrolls of remove curse
Potions
 d - 6 potions of curing
 f - 3 potions of lignification
 i - a potion of resistance
 k - 8 potions of flight
 l - 3 potions of haste
 x - 7 potions of brilliance
 A - 2 potions of might
 B - 3 potions of heal wounds
 K - 4 potions of cure mutation
 T - a potion of berserk rage
 X - 4 potions of agility
 Y - 7 potions of magic
Miscellaneous
 u - a phantom mirror
 w - a lamp of fire
 P - a phial of floods
 U - a fan of gales
Comestibles
 c - 16 bread rations
 D - 3 chunks of flesh
 N - 4 meat rations


   Skills:
 + Level 24.7 Fighting
 O Level 27 Axes
 - Level 1.3 Throwing
 + Level 21.9 Armour
 + Level 11.1 Dodging
 + Level 0.9 Unarmed Combat
 * Level 7.1 Invocations
 + Level 3.0 Evocations


You had 18 spell levels left.
You knew the following spells:

 Your Spells              Type           Power        Failure   Level  Hunger
a - Spectral Weapon       Hex/Chrm       #.......     100%        3    ####...


Dungeon Overview and Level Annotations

Branches:
Dungeon (15/15)            Temple (1/1) D:7            Lair (6/6) D:10
  Swamp (4/4) Lair:3       Spider (4/4) Lair:2          Orc (2/2) D:11
    Elf (0/3) Orc:2        Vaults (5/5) D:14          Crypt (3/3) Vaults:3
   Tomb (1/3) Crypt:3      Depths (1/5) D:15
  Slime: Lair:5-6

Altars:
Ashenzari
Cheibriados
Fedhas
Gozag
Makhleb
Okawaru
Qazlal
Ru
Uskayaw
Vehumet
Xom
Yredelemnul
Zin
The Shining One

Shops:
D:6 *   D:8 [   D:10 ?   D:12 (   Orc:2 [*[(   Vaults:4 [

Portals:
Hell: Depths:1

Annotations:
D:3 Ijyb
D:9 exclusion: ice statue


Innate Abilities, Weirdness & Mutations

You reflexively headbutt those who attack you in melee.
You have a pair of horns on your head.
You are partially covered in thin metallic scales. (AC +2)
Your skin changes colour to match your surroundings (Stealth+).
You are somewhat resistant to further mutation.


Message History

The stone giant hits you!!
* * * LOW HITPOINT WARNING * * *
The stone giant hits you but does no damage.
A cacodemon comes into view.
As you read the scroll of teleportation, it crumbles to dust.
You feel strangely unstable.
The tengu reaver hits you but does no damage.
The ogre hits you with a giant club!!
* * * LOW HITPOINT WARNING * * *
The stone giant barely misses you. You furiously retaliate!
You headbutt the stone giant! The stone giant hits you!!
* * * LOW HITPOINT WARNING * * *
The black bear closely misses you. You furiously retaliate!
You headbutt the black bear!
You kill the black bear!
That felt strangely unrewarding.
The ogre hits you but does no damage.
The molten gargoyle hits you with a mace.
* * * LOW HITPOINT WARNING * * *
You are engulfed in flames.
You resist.
You die...

......%...##......#..
.≈§....≈......#....≈≈≈
...............$..≈≈≈≈≈
..≈≈≈.s..........≈≈≈≈≈≈≈
..............†.≈≈≈≈≈≈≈
#..#....*(.....≈≈≈≈≈.≈
##..cTCQ.)).....≈≈≈≈.∩.
##...cC#C..)()...≈≈≈≈≈.≈
.....hO@O).≈)†...≈≈≈≈≈≈≈
......9).§§≈§....≈≈≈≈≈≈≈
......c.§.§.≈)).(.≈≈≈≈≈≈
........§§§.§......≈≈≈≈≈
.............)..........
........................
2..............##.......
.......!........##......
............# ###..#


You could see a cacodemon, an iron troll (berserk), 2 stone giants, a tengu
reaver, a polar bear (berserk), 3 yaktaurs, an orb spider, a molten gargoyle, 2
ogres and a battlesphere.

Vanquished Creatures
  Mennas (Tomb:1)
  Boris (Vaults:4)
  Margery (Vaults:4)
  Xtahua (Crypt:2)
  A profane servitor (Crypt:3)
  A golden dragon (Vaults:5)
  A bone dragon (Crypt:3)
  Arachne (Spider:4)
  Jorgrun (Swamp:4)
  2 tentacled monstrosities
  3 liches
  4 titans (Vaults:5)
  A quicksilver dragon (Vaults:5)
  2 tentacled starspawn (Abyss:1)
  An ancient champion (Crypt:2)
  10 sphinxes
  4 shadow dragons (Vaults:5)
  2 thorn hunters
  The ghost of chequers the Shatterer, a journeyman OgBe of Trog (Spider:2)
  5 storm dragons
  Roxanne (Spider:1)
  Kirke (Spider:1)
  4 tengu reavers
  12 vault wardens
  A frost giant (Vaults:5)
  2 revenants
  Aizul (Spider:4)
  5 fire giants
  A balrug (Abyss:1)
  2 iron dragons (Vaults:5)
  4 ghost moths
  8 ghouls
  5 emperor scorpions
  18 ironheart preservers
  2 orc warlords
  2 curse skulls (Crypt:3)
  5 very ugly things
  19 stone giants
  3 vampire knights
  An entropy weaver (Vaults:5)
  2 deep elf annihilators
  4 deep elf demonologists
  Azrael (Spider:1)
  A spark wasp (Spider:4)
  7 eidola (Crypt:3)
  2 deep elf death magi
  4 ettins
  13 yaktaur captains
  A deep elf high priest (Vaults:5)
  A crystal guardian (Vaults:4)
  4 jiangshi (Crypt:2)
  3 great orbs of eyes
  A death ooze (Swamp:4)
  A minotaur (Lab)
  A green death (Swamp:4)
  2 quicksilver dragon zombies
  2 fire dragons
  2 mummy priests
  2 ice dragons
  2 rakshasas
  A hell beast (Swamp:4)
  A quicksilver dragon skeleton (Abyss:1)
  9 hydras
  Harold (Lair:3)
  27 vault guards
  5 centaur warriors
  The ghost of PurpleRed the Cleaver, a journeyman HuBe of Trog (D:9)
  An anaconda (shapeshifter) (Vaults:5)
  A catoblepas (Lair:3)
  A death yak (Lair:2)
  A deep troll earth mage (Vaults:4)
  11 death knights
  3 tengu warriors
  3 alligators
  16 ogre magi
  3 orc high priests (Orc:2)
  3 vampire magi
  3 titan zombies (Crypt:3)
  A thrashing horror (Abyss:1)
  A storm dragon zombie (Crypt:3)
  A sun demon (Abyss:1)
  Sonja (Lair:4)
  A wretched star (Abyss:1)
  8 soul eaters (Crypt:1)
  A titan skeleton (Crypt:1)
  4 deep elf knights
  6 hell knights
  A shadow wraith (Abyss:1)
  2 iron trolls
  An unseen horror (D:12)
  16 skeletal warriors
  4 wizards
  13 deep trolls
  9 swamp dragons
  5 large abominations
  A shambling mangrove (Swamp:1)
  An anaconda zombie (Crypt:3)
  2 giant orange brains
  7 deep elf archers
  9 harpies
  4 flayed ghosts
  A lindwurm (Lair:6)
  7 hill giants
  10 ironbrand convokers
  17 orc knights
  16 phantasmal warriors
  17 orb spiders
  2 anubis guards (Tomb:1)
  A wolf spider zombie (Crypt:3)
  5 necromancers
  2 griffons
  Pikel (D:9)
  An anaconda skeleton (Crypt:1)
  2 iron dragon zombies
  29 ugly things
  6 orc sorcerers
  12 deep elf magi
  A fire giant zombie (Crypt:3)
  37 wolf spiders
  A manticore (D:13)
  8 hornets
  A moth of wrath (Spider:4)
  5 cyclopes
  Maurice (D:12)
  A hornet (shapeshifter) (Depths:1)
  8 slime creatures
  A sixfirhy (Abyss:1)
  3 ice statues (IceCv)
  2 naga magi (D:15)
  6 black mambas
  A frost giant skeleton (Crypt:2)
  A dire elephant zombie (Crypt:3)
  2 orange demons (Swamp:4)
  18 vault sentinels
  A guardian serpent (Lair:6)
  A black mamba (shapeshifter) (Vaults:2)
  5 spectral swamp worms (Depths:1)
  10 torpor snails
  4 gargoyles
  A rime drake (Lair:3)
  15 spiny frogs
  9 demonic crawlers
  7 freezing wraiths
  A kobold demonologist (D:15)
  15 komodo dragons
  43 yaktaurs
  4 polar bears (Vaults:3)
  19 jumping spiders
  A red devil (Abyss:1)
  6 trolls
  An ancient zyme (Abyss:1)
  4 guardian mummies
  A jumping spider (shapeshifter) (Vaults:1)
  A polar bear (shapeshifter) (Depths:1)
  A queen bee (D:9)
  5 giant leeches
  26 two-headed ogres
  A hellwing (Abyss:1)
  A wolf spider simulacrum (D:15)
  A human simulacrum (Vaults:2)
  3 fire dragon zombies (Crypt:3)
  11 bog bodies
  9 blink frogs
  An ushabti (Crypt:3)
  An ice dragon skeleton (Abyss:1)
  3 boulder beetles
  3 raiju (Abyss:1)
  47 redbacks
  21 shadows
  An ice dragon zombie (Crypt:3)
  15 flying skulls
  2 stone giant simulacra
  6 hogs (Spider:1)
  A ynoxinul (Abyss:1)
  18 tarantellas
  A black mamba zombie (Crypt:3)
  5 wyverns (Lair:6)
  A shapeshifter (Vaults:3)
  A vampire (D:14)
  22 yaks
  2 fire elementals (Spider:1)
  2 chaos spawn (Abyss:1)
  7 wraiths
  4 hippogriffs
  A steam dragon (D:4)
  4 mottled dragons
  A wind drake skeleton (Crypt:1)
  2 basilisks (Lair:2)
  A soldier ant (shapeshifter) (Vaults:3)
  18 vampire mosquitoes
  6 insubstantial wisps
  4 wargs
  A mottled dragon (shapeshifter) (Vaults:1)
  A soldier ant (D:14)
  13 swamp worms
  2 hell hounds (Spider:1)
  9 water moccasins
  41 orc warriors
  5 swamp drakes
  A manticore zombie (Crypt:3)
  A merfolk skeleton (Crypt:1)
  4 porcupines
  8 ice beasts
  6 black bears
  4 sky beasts
  16 necrophages
  56 ogres
  18 wasps
  2 slaves (D:9)
  An eye of draining (shapeshifter) (Vaults:1)
  4 wolves (Lair:2)
  8 boggarts
  An eye of draining (D:13)
  A phantom (D:10)
  10 centaurs
  5 crocodiles
  2 big kobolds
  A gnoll sergeant (D:10)
  A yaktaur skeleton (Crypt:2)
  15 giant frogs
  An elf skeleton (Crypt:2)
  6 scorpions
  A polar bear zombie (Crypt:2)
  8 wyvern skeletons (Crypt:3)
  29 killer bees
  16 wights
  4 electric eels
  3 howler monkeys
  2 vampire bats (Orc:2)
  A troll skeleton (Crypt:2)
  5 crimson imps
  A giant frog zombie (D:12)
  9 starcursed masses (Abyss:1)
  2 human zombies
  4 centaur zombies
  3 hounds
  2 jellies
  3 quasits
  27 orc priests
  4 centaur skeletons
  21 orc wizards
  3 giant frog skeletons
  5 iguanas
  4 human skeletons (Crypt:1)
  6 small abominations
  Natasha (thrice) (D:4)
  8 worker ants
  A killer bee zombie (D:8)
  6 sheep (Lair:4)
  An ogre zombie (Crypt:2)
  A crocodile skeleton (Crypt:2)
  8 mummies
  A worker ant zombie (D:11)
  16 gnolls
  15 adders
  16 river rats
  3 shadow imps
  13 white imps
  An ooze (D:4)
  2 adder zombies
  A lava snake skeleton (Crypt:1)
  5 giant geckos
  70 orcs
  8 giant cockroaches
  9 goblins
  5 hobgoblins
  8 jackals
  25 kobolds
  A quokka (D:6)
  A ball python (D:2)
  10 bats
  3 giant newts
  2 jackal skeletons
  An orc skeleton (Crypt:2)
  7 rats
  A rat skeleton (Crypt:2)
  5 crawling corpses (Vaults:5)
  5 fungi (Lair:6)
  16 plants
  A starspawn tentacle (Abyss:1)
  A withered plant (Crypt:3)
1708 creatures vanquished.

Vanquished Creatures (collateral kills)
  A vault warden (Vaults:5)
  A green death (Swamp:4)
  A small abomination (Vaults:5)
  An ironbrand convoker (Vaults:5)
  2 deep elf magi (Vaults:5)
  An orange demon (Swamp:4)
  4 slime creatures (Swamp:4)
11 creatures vanquished.

Vanquished Creatures (others)
  A jumping spider (Spider:2)
  A redback (Spider:4)
  A tarantella (Spider:2)
  An orc warrior (Vaults:4)
  2 slaves (D:9)
  2 ogres (Depths:1)
  A boggart (Vaults:2)
  An orc priest (Vaults:1)
  A worker ant (D:9)
  An orc (D:9)
  A fungus (Lair:6)
  8 plants (Lair:6)
  4 starspawn tentacles (Abyss:1)
  2 withered plants (Crypt:3)
27 creatures vanquished.

Grand Total: 1746 creatures vanquished

Notes
Turn   | Place    | Note
-------+----------+-------------------------------------------
     0 | D:1      | Ryco the Minotaur Berserker began the quest for the Orb.
     0 | D:1      | Reached XP level 1. HP: 19/19 MP: 0/0
    37 | D:1      | Reached skill level 4 in Axes
    37 | D:1      | Reached XP level 2. HP: 27/27 MP: 1/1
   323 | D:1      | Reached XP level 3. HP: 24/33 MP: 2/2
   336 | D:1      | Reached ** piety under Trog
   524 | D:4      | Noticed Natasha
   524 | D:4      | Noticed a steam dragon
   595 | D:3      | Found an opulent altar of Gozag.
   723 | D:3      | Noticed Ijyb
   779 | D:4      | Reached XP level 4. HP: 40/41 MP: 3/3
   792 | D:4      | Reached skill level 5 in Fighting
   895 | D:4      | Reached skill level 5 in Axes
   895 | D:4      | Reached XP level 5. HP: 30/48 MP: 4/4
   938 | D:5      | Entered Level 5 of the Dungeon
  1053 | D:4      | Killed a steam dragon
  1053 | D:4      | Reached XP level 6. HP: 56/56 MP: 5/5
  1100 | D:4      | Killed Natasha
  1180 | D:4      | Noticed Natasha
  1185 | D:4      | Killed Natasha
  1185 | D:4      | Reached skill level 5 in Dodging
  1308 | D:4      | Noticed Natasha
  1333 | D:4      | Killed Natasha
  1413 | D:5      | Reached *** piety under Trog
  1413 | D:5      | Reached XP level 7. HP: 55/63 MP: 6/6
  1476 | D:6      | Gained mutation: Your skin changes colour to match your surroundings (Stealth+). [potion of beneficial mutation]
  1566 | D:7      | Reached skill level 6 in Axes
  1597 | D:7      | Found a staircase to the Ecumenical Temple.
  1723 | D:7      | Found a flagged portal.
  1761 | Bailey   | Entered a bailey
  1766 | Bailey   | Noticed an orc warlord
  1800 | Bailey   | Reached XP level 8. HP: 42/73 MP: 7/7
  1960 | Bailey   | Reached **** piety under Trog
  1985 | Bailey   | Found a runed gate.
  1987 | Bailey   | Found a runed gate.
  1990 | Bailey   | Found a runed gate.
  2000 | Bailey   | Reached skill level 7 in Axes
  2088 | Bailey   | Killed an orc warlord
  2088 | Bailey   | Reached skill level 8 in Axes
  2088 | Bailey   | Reached skill level 1 in Throwing
  2088 | Bailey   | Reached XP level 9. HP: 82/82 MP: 8/8
  2132 | Bailey   | Gained mutation: You are partially covered in thin metallic scales. (AC +2) [potion of beneficial mutation]
  2133 | Bailey   | Gained mutation: You are somewhat resistant to further mutation. [potion of beneficial mutation]
  2324 | D:8      | Found Ucoxon's Antique Armour Shoppe.
  2378 | D:8      | Reached skill level 9 in Axes
  2539 | D:6      | Found Vuqil's Assorted Antiques.
  2545 | D:6      | Bought a scroll of blinking for 187 gold pieces
  2545 | D:6      | Bought a scroll labeled TYAXZA HIALY for 25 gold pieces
  2661 | D:5      | Found a sacrificial altar of Ru.
  2988 | D:8      | Upgraded the game from 0.19-a0-1107-gc676ff4 to 0.19-a0-1110-g6a29f8a
  3031 | D:8      | Reached skill level 10 in Axes
  3112 | D:8      | Reached XP level 10. HP: 90/91 MP: 9/9
  3176 | D:8      | Reached ***** piety under Trog
  3228 | D:9      | Noticed PurpleRed's ghost (journeyman HuBe)
  3257 | D:9      | Killed PurpleRed's ghost
  3257 | D:9      | Reached skill level 10 in Fighting
  3269 | D:9      | Noticed Pikel
  3283 | D:9      | Killed Pikel
  3283 | D:9      | Reached skill level 11 in Axes
  3292 | D:10     | Entered Level 10 of the Dungeon
  3320 | D:10     | Noticed a brown ugly thing
  3346 | D:10     | Killed a brown ugly thing
  3368 | D:10     | Got a crystal great sword
  3369 | D:10     | Identified the +7 great sword of Ruuleg {speed, *Corrode +Blink rElec Int+4} (You found it on level 10 of the Dungeon)
  3394 | D:9      | Found an iron altar of Okawaru.
  3658 | D:9      | Received a gift from Trog
  3776 | D:9      | Reached XP level 11. HP: 91/102 MP: 10/10
  3823 | D:9      | Reached skill level 12 in Axes
  3906 | D:10     | Found Ichesih's Magic Scroll Emporium.
  3943 | D:10     | Bought a scroll of blinking for 97 gold pieces
  4027 | D:11     | Noticed a green ugly thing
  4031 | D:11     | Received a gift from Trog
  4048 | D:11     | Killed a green ugly thing
  4061 | D:11     | Reached skill level 10 in Armour
  4085 | D:12     | Found Ugymosi's Antique Weapon Emporium.
  4150 | D:12     | Killed an unseen horror
  4260 | D:12     | Noticed a hill giant
  4269 | D:12     | Killed a hill giant
  4269 | D:12     | Reached skill level 1 in Evocations
  4306 | D:12     | Noticed Maurice
  4317 | D:12     | Killed Maurice
  4450 | D:11     | Noticed a purple ugly thing
  4461 | D:11     | Killed a purple ugly thing
  4816 | D:11     | Reached skill level 13 in Axes
  4879 | D:11     | Received a gift from Trog
  4898 | D:11     | Found a staircase to the Orcish Mines.
  4912 | Orc:1    | Entered Level 1 of the Orcish Mines
  4912 | Orc:1    | Noticed an orc sorcerer
  4916 | Orc:1    | Killed an orc sorcerer
  4929 | Orc:1    | Found a frozen archway.
  4964 | IceCv    | Entered an ice cave
  4993 | IceCv    | Noticed a white ugly thing
  5009 | IceCv    | Killed a white ugly thing
  5009 | IceCv    | Reached XP level 12. HP: 102/113 MP: 11/11
  5426 | Orc:2    | Entered Level 2 of the Orcish Mines
  5427 | Orc:2    | Identified a scroll of acquirement
  5430 | Orc:2    | Got a spiked hat
  5436 | Orc:2    | Identified the +1 hat of the Cooper {+Blink rF+ rN++} (You acquired it on level 2 of the Orcish Mines)
  5496 | Orc:2    | Found a staircase to the Elven Halls.
  5506 | Orc:2    | Found a labyrinth entrance.
  5530 | Lab      | Entered a labyrinth
  5721 | Lab      | Noticed a minotaur
  5726 | Lab      | Noticed a centaur warrior
  5727 | Lab      | Killed a minotaur
  5727 | Lab      | Reached skill level 14 in Axes
  5801 | Orc:2    | Noticed an orc warlord
  5812 | Orc:2    | Killed an orc warlord
  5858 | Orc:2    | Noticed an orc high priest
  5866 | Orc:2    | Killed an orc high priest
  5879 | Orc:2    | Noticed an orc high priest
  5883 | Orc:2    | Paralysed by an orc sorcerer for 3 turns
  5883 | Orc:2    | Noticed an orc high priest
  5905 | Orc:2    | Received a gift from Trog
  5918 | Orc:2    | Reached skill level 15 in Axes
  5928 | Orc:2    | HP: 8/174 [orc sorcerer/bolt of fire (8)]
  5935 | Orc:2    | Killed an orc high priest
  5943 | Orc:2    | Killed an orc high priest
  5997 | Orc:2    | Found Xuaw Mui's Antique Weapon Shoppe.
  5997 | Orc:2    | Found Poetoryutz's Antique Armour Shoppe.
  6000 | Orc:2    | Found Zaitraw's Armour Shop.
  6005 | Orc:2    | Found Toitac's General Store.
  6009 | Orc:2    | Bought a scroll of fear for 38 gold pieces
  6029 | Orc:2    | Bought a scroll of silence for 82 gold pieces
  6031 | Orc:2    | Bought a pair of embroidered gloves for 135 gold pieces
  6218 | D:10     | Found a staircase to the Lair.
  6271 | Lair:1   | Entered Level 1 of the Lair of Beasts
  6341 | Lair:1   | Reached XP level 13. HP: 107/123 MP: 12/12
  6541 | Lair:3   | Found a staircase to the Swamp.
  6714 | Swamp:1  | Entered Level 1 of the Swamp
  6720 | Swamp:1  | Reached skill level 16 in Axes
  6891 | Swamp:3  | Noticed a thorn hunter
  6906 | Swamp:3  | Killed a thorn hunter
  6981 | Swamp:4  | Entered Level 4 of the Swamp
  7257 | Swamp:4  | Noticed Jorgrun
  7270 | Swamp:4  | Killed Jorgrun
  7270 | Swamp:4  | Reached skill level 17 in Axes
  7287 | Swamp:4  | Received a gift from Trog
  7304 | Swamp:4  | Reached XP level 14. HP: 49/133 MP: 13/13
  7389 | Swamp:4  | Reached skill level 15 in Fighting
  7434 | Swamp:4  | Noticed a white very ugly thing
  7495 | Swamp:4  | Killed a white very ugly thing
  7496 | Swamp:4  | Noticed a cyan very ugly thing
  7504 | Swamp:4  | Killed a brown very ugly thing
  7528 | Swamp:4  | Reached skill level 15 in Armour
  7544 | Swamp:4  | Got a decaying rune of Zot
  7629 | Swamp:3  | Reached skill level 18 in Axes
  7687 | Swamp:4  | Noticed a thorn hunter
  7697 | Swamp:4  | Killed a thorn hunter
  8296 | Lair:4   | Received a gift from Trog
  8469 | Lair:4   | Noticed Sonja
  8476 | Lair:4   | Killed Sonja
  8737 | Lair:6   | Entered Level 6 of the Lair of Beasts
  8830 | Lair:6   | Found a runed door.
  8950 | Lair:6   | Reached XP level 15. HP: 137/143 MP: 14/14
  8967 | Lair:6   | Reached skill level 19 in Axes
  9031 | Lair:6   | Received a gift from Trog
  9343 | Lair:6   | Reached ****** piety under Trog
  9567 | Lair:3   | Noticed Harold
  9588 | Lair:3   | Killed Harold
  9923 | Lair:2   | Found a hole to the Spider Nest.
  9974 | Spider:1 | Entered Level 1 of the Spider Nest
  9976 | Spider:1 | Noticed Kirke
  9988 | Spider:1 | Received a gift from Trog
  9989 | Spider:1 | Killed Kirke
 10036 | Spider:1 | Noticed Azrael
 10046 | Spider:1 | Killed Azrael
 10084 | Spider:1 | Noticed Roxanne
 10104 | Spider:1 | Killed Roxanne
 10105 | Spider:1 | Identified Roxanne's Incunabulum of Stones (You took it off Roxanne on level 1 of the Spider Nest)
 10175 | Spider:2 | Noticed a ghost moth
 10180 | Spider:2 | Killed a ghost moth
 10180 | Spider:2 | Reached skill level 20 in Axes
 10424 | Spider:2 | Noticed chequers's ghost (journeyman OgBe)
 10436 | Spider:2 | Killed chequers's ghost
 10436 | Spider:2 | Reached skill level 10 in Dodging
 10444 | Spider:2 | Noticed a ghost moth
 10445 | Spider:2 | Received a gift from Trog
 10445 | Spider:2 | Reached XP level 16. HP: 26/155 MP: 0/16
 10540 | Spider:4 | Entered Level 4 of the Spider Nest
 10543 | Spider:4 | Noticed Aizul
 10562 | Spider:4 | Killed Aizul
 10647 | Spider:4 | Noticed Arachne
 10652 | Spider:4 | Received a gift from Trog
 10665 | Spider:4 | Killed Arachne
 10670 | Spider:4 | Reached skill level 21 in Axes
 10782 | Spider:4 | Got a gossamer rune of Zot
 11908 | D:15     | Entered Level 15 of the Dungeon
 11915 | D:15     | Reached XP level 17. HP: 164/166 MP: 17/17
 11992 | D:15     | Received a gift from Trog
 12019 | D:15     | Found a staircase to the Depths.
 12070 | D:14     | Found a shattered altar of Ashenzari.
 12131 | D:14     | Found a gate to the Vaults.
 12145 | Vaults:1 | Entered Level 1 of the Vaults
 12285 | Vaults:1 | Reached skill level 22 in Axes
 12294 | Vaults:1 | Received a gift from Trog
 12297 | Vaults:1 | Cast into level 1 of the Abyss (orc warrior)
 12601 | Abyss:1  | Lost intelligence.
 12688 | Vaults:1 | Escaped the Abyss
 12689 | Vaults:1 | HP: 1/168 [yaktaur captain/bolt (25)]
 12845 | Vaults:1 | Received a gift from Trog
 12920 | Vaults:1 | Reached skill level 23 in Axes
 12937 | Vaults:1 | Reached XP level 18. HP: 170/176 MP: 18/18
 13193 | Vaults:2 | Received a gift from Trog
 13685 | Vaults:4 | Found Mypamm's Armour Shop.
 13785 | Vaults:4 | Received a gift from Trog
 13795 | Vaults:4 | Reached skill level 24 in Axes
 13922 | Vaults:4 | Identified a +2 pair of boots of running (You acquired it on level 4 of the Vaults)
 13966 | Vaults:4 | Received a gift from Trog
 13998 | Vaults:4 | Reached XP level 19. HP: 75/187 MP: 19/19
 14014 | Vaults:4 | Got a slimy battleaxe {god gift}
 14015 | Vaults:4 | Identified the +3 battleaxe "Wasearch" {elec, rN+ Dex+3} (Trog gifted it to you on level 4 of the Vaults)
 14076 | Vaults:5 | Entered Level 5 of the Vaults
 14076 | Vaults:5 | Noticed Boris
 14093 | Vaults:4 | Killed Boris
 14184 | Vaults:5 | Received a gift from Trog
 14292 | Vaults:5 | Reached skill level 25 in Axes
 14305 | Vaults:5 | Paralysed by a sphinx for 7 turns
 14557 | Vaults:5 | Got an encrusted plate armour
 14568 | Vaults:5 | Identified the +8 plate armour "Zeluo" {Regen+} (You found it on level 5 of the Vaults)
 14759 | Vaults:5 | Received a gift from Trog
 14788 | Vaults:5 | Noticed a golden dragon
 14804 | Vaults:5 | Reached XP level 20. HP: 100/198 MP: 20/20
 14807 | Vaults:5 | Killed a golden dragon
 14930 | Vaults:5 | Reached skill level 26 in Axes
 14942 | Vaults:5 | Received a gift from Trog
 15159 | Vaults:5 | Got a silver rune of Zot
 15382 | Vaults:5 | Got a heavily runed copper amulet
 15383 | Vaults:5 | Identified the amulet "Quilas" {Reflect Str+4 SH+3} (You took it off a tengu reaver on level 5 of the Vaults)
 15439 | Vaults:5 | Got a fine ruby amulet
 15440 | Vaults:5 | Identified the amulet of Gaisag {Spirit Str+3} (You acquired it on level 5 of the Vaults)
 15598 | Vaults:4 | Noticed Margery
 15609 | Vaults:4 | Killed Margery
 16281 | D:14     | Found a blossoming altar of Fedhas.
 16596 | Temple   | Entered the Ecumenical Temple
 16627 | Temple   | Fell from the grace of Trog
 16627 | Temple   | Became a worshipper of the Shining One
 17245 | Vaults:3 | Reached XP level 21. HP: 202/209 MP: 21/21
 17306 | Vaults:3 | Reached * piety under the Shining One
 17459 | Vaults:3 | Found a staircase to the Crypt.
 17469 | Crypt:1  | Entered Level 1 of the Crypt
 17492 | Crypt:1  | Reached ** piety under the Shining One
 17493 | Crypt:1  | Reached skill level 27 in Axes
 17527 | Crypt:1  | Reached *** piety under the Shining One
 17553 | Crypt:2  | Reached skill level 1 in Invocations
 17586 | Crypt:2  | Reached **** piety under the Shining One
 17591 | Crypt:2  | Noticed Xtahua
 17603 | Crypt:2  | Killed Xtahua
 17687 | Crypt:2  | Reached ***** piety under the Shining One
 17856 | Crypt:3  | Entered Level 3 of the Crypt
 18214 | Crypt:3  | Identified a +0 rod of inaccuracy (11/11) (You found it on level 3 of the Crypt)
 18275 | Crypt:3  | Reached ****** piety under the Shining One
 18316 | Crypt:3  | Found a staircase to the Tomb.
 18457 | Crypt:3  | Found a basalt altar of Yredelemnul.
 18576 | Crypt:3  | Noticed a profane servitor
 18578 | Crypt:3  | Reached skill level 5 in Invocations
 18585 | Crypt:3  | Killed a profane servitor
 18603 | Crypt:3  | Identified Isiotyuk's Disquisition on the Assistive Snowflakes
 18608 | Crypt:3  | Learned a level 3 spell: Spectral Weapon
 18754 | Tomb:1   | Entered Level 1 of the Tomb of the Ancients
 18831 | Tomb:1   | Noticed Mennas
 18851 | Tomb:1   | Paralysed by a sphinx for 4 turns
 18871 | Tomb:1   | Paralysed by a sphinx for 2 turns
 18875 | Tomb:1   | Paralysed by a sphinx for 6 turns
 18885 | Tomb:1   | Paralysed by a sphinx for 3 turns
 18895 | Tomb:1   | HP: 9/213 [Mennas/scimitar of holy wrath (24)]
 18895 | Tomb:1   | HP: 4/213 [Mennas/scimitar of holy wrath (5)]
 18912 | Tomb:1   | Killed Mennas
 18912 | Tomb:1   | Reached XP level 22. HP: 50/222 MP: 25/25
 19039 | Tomb:1   | Paralysed by a sphinx for 3 turns
 19764 | Depths:1 | Entered Level 1 of the Depths
 19796 | Depths:1 | Found a gateway to Hell.
 19848 | Depths:1 | HP: 6/223 [stone giant[the rage of Trog] (31)]
 19848 | Depths:1 | HP: 1/223 [molten gargoyle/mace (5)]
 19848 | Depths:1 | Slain by a molten gargoyle

Vault maps used:
D:1:      dpeg_arrival_lava_altar
D:2:      minmay_misc_feat_tiny
D:3:      lemuel_crystal_altar, first_bread, corexii_hall_statues_l,
          uniq_grinder, uniq_iyjb, uniq_terence
D:4:      uniq_natasha
D:5:      basic_altar, minmay_strange_pillars
D:6:      serial_shops, nicolae_shop_competitors_out_of_business,
          roderic_lattice_a
D:7:      lightli_bailey_entry_fortress, uniq_crazy_yiuf_cottage
D:8:      serial_shops, shop
D:9:      david_nohive_1, hangedman_decor_points, minivault_16,
          okawaru_ov_weapons_minmay, uniq_pikel
D:10:     dpeg_oklobed_lair, serial_shops, nicolae_shop_crystal,
          nicolae_trove_entry_crystal
D:11:     david_orc_4, kennysheep_generic_room_14
D:12:     serial_shops, shop, uniq_maurice
D:13:     hex_medium
D:14:     david_vaults_1, evilmike_ruin_ashenzari, fedhas_altar_3
D:15:     grunt_enter_depths_magical_seal, minmay_beelzebubs_servants
Temple:   nicolae_temple_the_god_donut
Lair:1:   infiniplex_staircase_pool
Lair:2:   statuecave_lemuel, nicolae_spider_entry_tight_spaces, minivault_24,
          beast_lair_carwin_1, serial_bayou_shore_b, grunt_megastairs_3
Lair:3:   swamp_mist_pool, uniq_harold
Lair:4:   uniq_sonja
Lair:5:   slime_altar_1
Lair:6:   wormcave, hangedman_lair_tendril_chambers, minivault_27
Swamp:1:  evilmike_swamp_ruin_house_1, swamp_pool1
Swamp:2:  evilmike_swamp_ruin_house_5, uniq_louise
Swamp:3:  evilmike_swamp_ruin_house_3, swamp_pool5
Swamp:4:  swamp_vile, uniq_jorgrun
Spider:1: uniq_azrael, uniq_kirke, uniq_roxanne
Spider:3: nicolae_spider_cling_halls, nicolae_spider_cling_ruins
Spider:4: guppyfry_spider_rune, uniq_aizul, uniq_arachne
Orc:1:    portal_ice_cave_entry_imps
Orc:2:    st_orc_elflike, lab_entry_generic, roderic_batcave
Vaults:1: nicolae_vaults_display_case, nicolae_vaults_hallways_thing,
          vaults_room_grid, nicolae_vaults_network_periphery, v_alt_pattern_5,
          hangedman_vaults_river_flow, ontoclasm_vaults_pinch,
          vaults_dpeg_diagonal, basic_altar
Vaults:2: nicolae_vaults_rhombus_7, vaults_room_semicircle,
          nicolae_vaults_halls_meeting, nicolae_vaults_gold_heap,
          nicolae_vaults_yaktaur_gun_rack, nicolae_vaults_little_squares_4
Vaults:3: nicolae_vaults_stairing_the_circle, nicolae_vaults_big_angled_halls,
          blue_anna_dwarven_crypt, vaults_standard_mumra_lines,
          ontoclasm_vaults_ring_large, ontoclasm_vaults_twist,
          hangedman_vaults_maws, nicolae_vaults_diagonal_hallway_9,
          nicolae_vaults_three_branches, v_misc_30,
          nicolae_vaults_mini_display_case, vaults_dpeg_cross,
          vaults_room_hangedman_quadrants, vaults_room_semicircle,
          ontoclasm_vaults_gateway
Vaults:4: nicolae_vaults_alarming, ontoclasm_vaults_loading_screen,
          nicolae_vaults_diagonal_hallway_9, nicolae_vaults_quartermaster,
          v_pattern_1, vaults_mumra_hex, vaults_dpeg_encased_lava,
          ontoclasm_vaults_eye, serial_shops, nicolae_shop_trees, uniq_margery
Vaults:5: uniq_boris
Crypt:1:  minmay_shadows, grunt_crypt_arrival_guarded_gate
Crypt:2:  uniq_xtahua
Crypt:3:  evilmike_haunted_forest
Tomb:1:   uniq_boris, uniq_mennas
Depths:1: pf_hell_entry_tar_river, grunt_pan_entry_sceptre, minmay_door_square,
          kilobyte_mutagenic_chamber
Lab:      labyrinth_spiral, nicolae_lab_grate_2
Bailey:   bailey_axe_bossmonster_kennysheep, bailey
IceCv:    ice_cave_statue_garden_chambered

Skill      XL: |  1  2  3  4  5  6  7  8  9 10 11 12 13 14 15 16 17 18 19 20 21 22 |
---------------+-------------------------------------------------------------------+-----
Fighting       | 4 5 6 7 8 9 11 12 13 14 15 17 18 19 20 21 22 24 | 24.7
Axes           | 4 5 6 8 10 11 13 15 17 18 20 21 23 24 25 26 27 | 27.0
Dodging        | 3 4 5 6 7 8 9 10 11 | 11.1
Armour         | 3 4 6 8 9 11 12 14 15 16 17 18 19 20 21 | 21.9
Throwing       | 1 |  1.3
Evocations     | 1 2 3 |  3.0
Invocations    | 5 7 |  7.1
Unarmed Combat | |  0.9

Action                   |  1- 3 |  4- 6 |  7- 9 | 10-12 | 13-15 | 16-18 | 19-21 | 22-24 || total
-------------------------+-------+-------+-------+-------+-------+-------+-------+-------++-------
Melee: Hand axe          |    93 |    67 |    81 |       |       |       |       |       ||   241
       Headbutt          |    14 |    16 |    44 |   131 |   129 |   180 |   224 |    33 ||   771
       Unarmed           |       |    22 |       |       |       |       |       |       ||    22
       War axe           |       |       |   153 |   435 |       |       |       |       ||   588
       Punch             |       |       |     2 |     1 |     1 |       |       |       ||     4
       Executioner's axe |       |       |       |   244 |   571 |   748 |   776 |   151 ||  2490
       Broad axe         |       |       |       |       |    22 |       |       |       ||    22
Throw: Javelin           |       |       |     5 |     3 |    16 |    15 |       |       ||    39
       Throwing net      |       |       |       |       |       |     1 |       |       ||     1
Invok: Berserk           |     1 |     3 |     2 |     2 |     1 |     1 |       |       ||    10
       Trog's Hand       |     2 |     1 |     2 |    15 |    11 |    19 |    14 |       ||    64
       Brothers in Arms  |       |       |       |       |     4 |       |     3 |       ||     7
       Divine Shield     |       |       |       |       |       |       |     2 |       ||     2
 Abil: Evoke Blink       |       |       |       |       |     5 |     1 |       |       ||     6
Evoke: Wand              |       |       |     1 |     4 |     4 |     3 |    12 |       ||    24
       Box of beasts     |       |       |       |       |       |       |     1 |       ||     1
  Use: Scroll            |       |       |    16 |    18 |    16 |     9 |    21 |     5 ||    85
       Potion            |       |       |     3 |     3 |     2 |     5 |     8 |       ||    21
 Stab: Sleeping          |     1 |       |       |       |       |       |       |       ||     1
       Held in net/web   |       |       |       |       |     1 |       |       |       ||     1
       Distracted        |       |       |       |       |       |     1 |     2 |       ||     3
       Invisible         |       |       |       |       |       |       |     1 |       ||     1
  Eat: Chunk             |     1 |     5 |     7 |     5 |     1 |     5 |     8 |     3 ||    35
       Beef jerky        |       |     1 |       |       |     3 |     4 |       |       ||     8
       Fruit             |       |       |     1 |       |     7 |     3 |       |       ||    11
       Royal jelly       |       |       |       |     9 |     1 |     2 |       |     1 ||    13
       Pizza             |       |       |       |       |     1 |       |       |       ||     1
       Meat ration       |       |       |       |       |     1 |     1 |     3 |       ||     5
Armor: Animal skin       |    28 |     2 |       |       |       |       |       |       ||    30
       Scale mail        |       |    19 |    73 |       |       |       |       |       ||    92
       Leather armour    |       |     2 |       |       |       |       |       |       ||     2
       Chain mail        |       |       |    70 |    50 |       |       |       |       ||   120
       Plate armour      |       |       |       |   357 |   567 |   690 |   655 |   100 ||  2369
       Ring mail         |       |       |       |    30 |       |       |       |       ||    30
Dodge: Dodged            |    55 |    43 |   173 |   382 |   432 |   499 |   463 |    73 ||  2120
Block: Other             |       |       |       |       |       |       |    60 |    13 ||    73
       Reflection        |       |       |       |       |       |       |       |     1 ||     1
